[Event "13th All African Mixed Team Rapid-ch 202"]
[Site "Accra"]
[Date "2024.03.09"]
[Round "6.13"]
[White "Zhemba, Jemusse"]
[Black "Frempong-Smart Daniel"]
[Result "1-0"]
[ECO "B03"]
[WhiteElo "2226"]
[BlackElo "1877"]
[Annotator "TA"]
[PlyCount "85"]
[EventDate "2024.03.07"]
[EventType "rapid"]
[EventCountry "GHA"]
[SourceTitle "playchess.com"]
[Source "ChessBase"]
[SourceQuality "1"]
[TimeControl "900+10"]

1. e4 Nf6 2. e5 Nd5 3. d4 d6 4. c4 Nb6 5. exd6 cxd6 6. Nc3 g6 7. Be3 Bg7 8. Rc1 O-O 9. Be2 Nc6 10. b3 e5 11. Nf3 {[%emt 0:00:12] Die Stellung ist ausgeglichen.} Bg4 12. d5 Ne7 13. O-O Rc8 (13... Nf5 $11 {ist eher angebracht.}) 14. a4 a6 15. h3 Bxf3 16. Bxf3 f5 {[%emt 0:00:13] Es drohte Ne4} 17. Be2 Nd7 18. f3 f4 19. Bf2 Nc5 $2 (19... a5 $11 {und Schwarz ist OK.}) 20. b4 $18 Nd7 21. Ne4 (21. c5 $18 {Ne4 ist eine echte Drohung.} Nf6 22. c6 bxc6 23. Bxa6) 21... Nf6 22. Ng5 $36 {[%emt 0:00:05][%mdl 2048] Schwarz muss aufpassen. Weiß steht aktiver.} Qd7 23. Re1 Nf5 24. Qb3 h6 (24... Kh8 $16 25. Ne6 Rfe8) 25. Ne6 Rfe8 26. Bd3 Nh5 (26... Ne7 {war einen Versuch wert.} 27. a5 Kh7) 27. c5 Bf6 28. c6 bxc6 (28... Qe7 29. Nc5 bxc6 30. Bxa6 (30. dxc6+ Kh8 $18) (30. Nxa6 c5 $18) 30... Ra8 31. dxc6+ Kh7) 29. dxc6 Qf7 30. Bc4 d5 31. Bxd5 Ne7 32. Bc4 {[%emt 0:00:16] Ein starkes Läuferpaar.} Kh8 {[%emt 0:01:13] [#]} 33. Nxf4 $1 Qh7 34. Nxh5 gxh5 35. b5 Ng6 36. Be6 Nf4 37. Bxc8 Rxc8 38. Bg3 Qg7 39. Bxf4 exf4 40. b6 {[%emt 0:00:09] Droht Matt per b7.} Bd4+ 41. Kh1 {[%emt 0:00:08] Weiß setzt Matt.} Rg8 {[%emt 0:00:17] [#]} 42. Qxg8+ $3 Qxg8 43. c7 {[%emt 0:00:03] Gewichteter Fehlerwert: Weiß=0.13 (sehr präzise) /Schwarz=0.58.  Fehler:       	Weiß=1     	Schwarz=5     Ungenau:       	Weiß=2     	Schwarz=2     OK:         	Weiß=5     	Schwarz=8     Bester:       	Weiß=2     	---} 1-0

[Event "13th All African Mixed Team Rapid-ch 202"]
[Site "Accra"]
[Date "2024.03.09"]
[Round "6.14"]
[White "Benson, Maud"]
[Black "Shaba, Linda Dalitso"]
[Result "1-0"]
[ECO "A85"]
[WhiteElo "1664"]
[BlackElo "1836"]
[Annotator "NA RC"]
[PlyCount "91"]
[EventDate "2024.03.07"]
[EventType "rapid"]
[EventCountry "GHA"]
[SourceTitle "playchess.com"]
[Source "ChessBase"]
[SourceQuality "1"]
[TimeControl "900+10"]

1. d4 e6 2. c4 f5 3. Nc3 Nf6 4. Qc2 d5 5. e3 Be7 6. Nf3 c6 7. Bd3 O-O 8. O-O Ne4 9. Ne5 Nd7 10. Nxd7 Bxd7 11. f3 Nxc3 12. bxc3 Qc7 13. f4 b6 14. Bd2 Rac8 15. Rac1 Kh8 16. Rf3 Rf6 17. Rcf1 Rh6 18. Bc1 Rg8 19. Qe2 g5 20. g3 Be8 21. R3f2 Bh5 22. Qc2 Bg4 23. cxd5 cxd5 24. c4 Qd7 25. cxd5 Qxd5 26. e4 Qd7 27. Bb2 Bf6 28. e5 Be7 29. Qb3 gxf4 30. Rxf4 Bg5 31. Rxg4 fxg4 32. d5 Be3+ 33. Kg2 Qb7 34. Be4 Bc5 35. Rf6 Kg7 36. Qd3 Rd8 37. d6 Qd7 38. Qe2 Rxf6 39. exf6+ Kf7 40. Be5 Bxd6 41. Bc3 h5 42. Qe3 e5 43. Qh6 Qc7 44. Bd5+ Ke8 45. f7+ Kd7 46. Qe6# 1-0

[Event "13th All African Mixed Team Rapid-ch 202"]
[Site "Accra"]
[Date "2024.03.09"]
[Round "6.15"]
[White "Fomevor, Cephas Clinton"]
[Black "Pereira, Sergio Murilo de Ara"]
[Result "1-0"]
[ECO "E35"]
[WhiteElo "1887"]
[BlackElo "2115"]
[Annotator "RC"]
[PlyCount "105"]
[EventDate "2024.03.07"]
[EventType "rapid"]
[EventCountry "GHA"]
[SourceTitle "playchess.com"]
[Source "ChessBase"]
[SourceQuality "1"]
[TimeControl "900+10"]

1. d4 Nf6 2. c4 e6 3. Nc3 Bb4 4. Qc2 d5 5. cxd5 exd5 6. Bg5 h6 7. Bxf6 Qxf6 8. Nf3 O-O 9. e3 Bg4 10. Be2 c6 11. h3 Bxf3 12. Bxf3 Bd6 13. O-O Nd7 14. a3 Nb6 15. Be2 Bc7 16. Rac1 Qd6 17. g3 a6 18. b4 Rfe8 19. Bd3 h5 20. Qe2 h4 21. f4 Qe6 22. Rce1 Qxh3 23. Qg2 Qxg3 24. Qxg3 hxg3 25. Kg2 Re7 26. Kxg3 Rae8 27. Kf3 Nd7 28. Rh1 Nf6 29. Nd1 Ne4 30. Bxe4 Rxe4 31. Rh4 Bd8 32. Rh5 g6 33. Rh6 Bf6 34. Nc3 Rxd4 35. f5 Bg5 36. Rhh1 Rd3 37. Nd1 Rxa3 38. fxg6 f6 39. Rh7 d4 40. Reh1 dxe3 41. Rh8+ Kg7 42. Rxe8 Rb3 43. Re7+ Kxg6 44. Rxb7 Rd3 45. Re1 f5 46. Rb6 f4 47. Rxc6+ Kf5 48. Rxa6 Rd2 49. Ra5+ Kf6 50. Kg4 e2 51. Rf5+ Ke6 52. Nc3 Bf6 53. Rxe2+ 1-0

[Event "13th All African Mixed Team Rapid-ch 202"]
[Site "Accra"]
[Date "2024.03.09"]
[Round "6.17"]
[White "Oluka Robert Mcligeyo"]
[Black "Pedro Manuel Envo Engonga Avom"]
[Result "1/2-1/2"]
[ECO "C71"]
[WhiteElo "2041"]
[BlackElo "1702"]
[Annotator "RC"]
[PlyCount "135"]
[EventDate "2024.03.07"]
[EventType "rapid"]
[EventCountry "GHA"]
[SourceTitle "playchess.com"]
[Source "ChessBase"]
[SourceQuality "1"]
[TimeControl "900+10"]

1. e4 e5 2. Nf3 Nc6 3. Bb5 a6 4. Ba4 d6 5. d4 b5 6. Bb3 exd4 7. Nxd4 Nxd4 8. Qxd4 c5 9. Qd5 Be6 10. Qc6+ Bd7 11. Qd5 c4 12. Bxc4 bxc4 13. Qxc4 Nf6 14. Nc3 Qc8 15. Qd3 Be7 16. O-O O-O 17. Bg5 Re8 18. Rad1 Be6 19. Rfe1 Rd8 20. h3 Qc5 21. Be3 Qc4 22. Qxc4 Bxc4 23. Rd4 Rac8 24. Red1 Ne8 25. Bf4 Bf6 26. e5 dxe5 27. Rxd8 Rxd8 28. Rxd8 Bxd8 29. Bxe5 Bf6 30. Bxf6 Nxf6 31. b3 Nd5 32. Ne4 Be2 33. a3 Kf8 34. c4 Nc7 35. Nc3 Bd3 36. f3 Ke7 37. Kf2 Ke6 38. Ke3 Bf1 39. Kf2 Bd3 40. Ke3 Bc2 41. b4 Ke5 42. f4+ Kf5 43. g4+ Ke6 44. Kd4 h6 45. a4 f5 46. b5 fxg4 47. hxg4 Bxa4 48. b6 Kd7 49. bxc7 Bc6 50. Kc5 Kxc7 51. g5 h5 52. Ne2 h4 53. f5 Bd7 54. f6 gxf6 55. gxf6 Be8 56. Nf4 Bf7 57. Nh3 Be8 58. Ng5 a5 59. Kd4 Kc6 60. f7 Bxf7 61. Nxf7 h3 62. Ne5+ Kd6 63. c5+ Ke6 64. Nf3 Kd7 65. Kc4 Kc6 66. Nd4+ Kc7 67. Nf3 Kc6 68. Ne5+ 1/2-1/2